 Dungeon Crawl Stone Soup version 0.23.2-33-g5129a83184 (webtiles) character file.

Game seed: 4948649536553765970

103 Folque the Magician (level 4, 0/33 HPs)
             Began as a Demonspawn Ice Elementalist on June 29, 2019.
             Slain by a hobgoblin (3 damage)
             ... led by Robin
             ... on level 2 of the Dungeon.
             The game lasted 00:05:14 (1597 turns).

Folque the Magician (Demonspawn Ice Elementalist)   Turns: 1597, Time: 00:05:14

Health: 0/33       AC:  8    Str:  8    XL:     4   Next: 51%
Magic:  4/9        EV: 12    Int: 18    God:
Gold:   90         SH:  0    Dex: 13    Spells: 3/9 levels left

rFire    . . .     SeeInvis .   e - +1 spear (flame)
rCold    . . .     Gourm    .   (no shield)
rNeg     . . .     Faith    .   a - +0 robe
rPois    .         Spirit   .   (helmet restricted)
rElec    .         Reflect  .   j - +0 cloak
rCorr    .         Harm     .   (no gloves)
MR       .....                  (no boots)
Stlth    ++........             (no amulet)
HPRegen  0.11/turn              (no ring)
MPRegen  0.11/turn              (no ring)

@: icy armour, very slightly contaminated
A: antennae 1, foul stench 1, rot immunity
a: no special abilities


You were on level 2 of the Dungeon.
You were not hungry.

You visited 1 branch of the dungeon, and saw 2 of its levels.

You collected 90 gold pieces.

Inventory:

Hand Weapons
 e - a +1 spear of flaming (weapon)
Armour
 a - a +0 robe (worn)
 j - a +0 cloak (worn)
Jewellery
 d - a cursed ring of attention {unknown}
 n - a cursed -4 ring of evasion {unknown}
Scrolls
 h - a scroll of remove curse {unknown}
 k - a scroll of magic mapping {unknown}
 l - a scroll of noise {unknown}
 m - a scroll of identify {unknown}
Potions
 b - a potion of lignification {unknown}
 g - a potion of magic
Comestibles
 c - 6 rations
 f - 3 chunks of flesh


   Skills:
 + Level 1.9 Fighting
 - Level 1.7 Dodging
 - Level 1.7 Stealth
 * Level 3.4 Spellcasting
 - Level 1.0 Conjurations
 + Level 3.3 Ice Magic


You had 3 spell levels left.
You knew the following spells:

 Your Spells              Type           Power        Failure   Level  Hunger
a - Freeze                Ice            ###.         4%          1    None
b - Throw Frost           Conj/Ice       ##....       10%         2    ##.....
c - Ozocubu's Armour      Chrm/Ice       #.......     24%         3    ###....

Your spell library contained the following spells:

 Spells                   Type           Power        Failure   Level  Hunger
 Throw Icicle             Conj/Ice       ##......     54%         4    ####...
 Summon Ice Beast         Ice/Summ       #.......     61%         4    ####...


Dungeon Overview and Level Annotations

Branches:
Dungeon (2/15)

Altars:

Annotations:
D:2 Robin


Innate Abilities, Weirdness & Mutations

You have a pair of small antennae on your head.
You may emit foul miasma when damaged in melee.
You are immune to rotting.


Message History

You kill the goblin!
Robin flexes a bicep menacingly.
Casting: Throw Frost (safe; 10% risk of failure)
Confirm with . or Enter, or press ? or * to list all spells.
Aiming: Throw Frost (safe; 10% risk of failure)
Press: ? - help, Shift-Dir - straight line, f/p - Robin
Aim: Robin, wielding a +0 spear, wearing a +0 animal skin and wearing a +0 helmet (severely wounded)
The puff of frost hits Robin.
Robin is severely wounded.
Robin closely misses you.
The goblin shouts!
You hit the hobgoblin. You burn the hobgoblin.
The hobgoblin is almost dead.
The hobgoblin hits you.
* * * LOW HITPOINT WARNING * * *
Okay, then.
Casting: Throw Frost (safe; 10% risk of failure)
Confirm with . or Enter, or press ? or * to list all spells.
A film of ice covers your body! The hobgoblin hits you.
You die...

.# ... #....+...... .+
#.###....#.....## .#
#####...#....+....^.
.####
#....$.....#...########
....# +..........#...#
....#. #..........#####
....#.##.####'###...
.......#.#....###.#.
.#####.#.#..gggg@.#..
.........#.######## ..
.......#.)........ .%.
########g########.
#............#
.......#.###.#
#g####.#.# #.# #.#.#
#g# #.#.#


You could see Robin, 2 hobgoblins and a goblin.

Vanquished Creatures
  Natasha (D:2)
  3 gnolls
  2 dart slugs
  3 leopard geckos (D:1)
  14 goblins
  3 hobgoblins
  3 bats
  A frilled lizard (D:2)
  5 kobolds (D:1)
  8 rats
43 creatures vanquished.

Notes
Turn   | Place    | Note
-------+----------+-------------------------------------------
     0 | D:1      | Folque the Demonspawn Ice Elementalist began the quest for
                  | the Orb.
     0 | D:1      | Reached XP level 1. HP: 13/13 MP: 3/3
   110 | D:1      | Gained mutation: You have a pair of small antennae on your
                  | head. [demonic ancestry]
   110 | D:1      | Reached XP level 2. HP: 18/20 MP: 5/5
   254 | D:1      | Learned a level 2 spell: Throw Frost
   456 | D:1      | Reached skill level 1 in Fighting
   643 | D:1      | Gained mutation: You are immune to rotting. [demonic
                  | ancestry]
   643 | D:1      | Reached XP level 3. HP: 26/26 MP: 7/7
   648 | D:1      | Learned a level 3 spell: Ozocubu's Armour
   785 | D:2      | Noticed Robin
  1387 | D:2      | Gained mutation: You may emit foul miasma when damaged in
                  | melee. [demonic ancestry]
  1387 | D:2      | Reached XP level 4. HP: 32/32 MP: 8/8
  1398 | D:2      | Noticed Natasha
  1404 | D:2      | Killed Natasha
  1585 | D:2      | HP: 1/33 [goblin/+0 club[Robin] (4)]
  1597 | D:2      | Slain by a hobgoblin

Skill      XL: |  1  2  3 |
---------------+----------+-----
Fighting       | 1 |  1.9
Ice Magic      | 3 |  3.3
Spellcasting   | 3 |  3.4
Dodging        | |  1.7
Stealth        | |  1.7
Conjurations   | |  1.0

Action                   |  1- 3 |  4- 6 || total
-------------------------+-------+-------++-------
Melee: Spear             |    89 |    18 ||   107
       Unarmed           |     1 |       ||     1
 Cast: Freeze            |    13 |     2 ||    15
       Throw Frost       |     6 |     6 ||    12
       Ozocubu's Armour  |       |     1 ||     1
  Use: Potion            |       |     3 ||     3
 Stab: Sleeping          |     5 |       ||     5
  Eat: Chunk             |     2 |     1 ||     3
Armor: Robe              |    12 |     5 ||    17
Dodge: Dodged            |    55 |    14 ||    69
